 Dungeon Crawl Stone Soup version 0.23-a0-183-gf37f6fb (webtiles) character file.

40 Merlin the Covered (level 3, -3/33 HPs)
             Began as a Minotaur Fighter on Sept 22, 2018.
             Killed from afar by a hobgoblin (30 damage)
             ... with an exploding inner flame
             ... hexed by the player character
             ... on level 2 of the Dungeon.
             The game lasted 00:02:23 (520 turns).

Merlin the Covered (Minotaur Fighter)                Turns: 520, Time: 00:02:24

Health: -3/33      AC:  8    Str: 20    XL:     3   Next: 30%
Magic:  2/2        EV:  7    Int:  5    God:
Gold:   48         SH:  9    Dex: 10    Spells: 2/2 levels left

rFire    . . .     SeeInvis .   a - +0 war axe
rCold    . . .     Gourm    .   c - +0 shield
rNeg     . . .     Faith    .   b - +1 scale mail
rPois    .         Spirit   .   (helmet restricted)
rElec    .         Reflect  .   (no cloak)
rCorr    .         Harm     .   (no gloves)
MR       .....                  (no boots)
Stlth    ..........             (no amulet)
HPRegen  0.11/turn              (no ring)
MPRegen  0.08/turn              (no ring)

@: no status effects
A: retaliatory headbutt, horns 2
a: no special abilities


You were on level 2 of the Dungeon.
You were not hungry.

You visited 1 branch of the dungeon, and saw 2 of its levels.

You collected 48 gold pieces.

Inventory:

Hand Weapons
 a - a +0 war axe (weapon)
Armour
 b - a +1 scale mail (worn)
 c - a +0 shield (worn)
Jewellery
 l - a +2 ring of protection {unknown}
Scrolls
 k - a scroll of identify
Potions
 d - a potion of might
 e - a potion of agility {unknown}
 h - 2 potions of curing
 i - a potion of lignification {unknown}
Comestibles
 f - a ration
 g - 2 chunks of flesh


   Skills:
 + Level 4.1 Fighting
 * Level 3.2 Axes
 + Level 4.2 Armour
 + Level 4.0 Shields


You had 2 spell levels left.
You didn't know any spells.
Your spell library was empty.

Dungeon Overview and Level Annotations

Branches:
Dungeon (2/15)

Altars:

Annotations:
D:2 Sigmund


Innate Abilities, Weirdness & Mutations

You reflexively headbutt those who attack you in melee.
You have a pair of horns on your head.


Message History

h - 2 potions of curing The adder bites you but does no damage.
As you read the scroll labeled LAUPUACOGA, it crumbles to dust.
The creatures around you are filled with an inner flame!
It was a scroll of immolation.
You block the adder's attack.
Sigmund hits you from afar with a scythe.
As you read the scroll labeled LALAVONOMI, it crumbles to dust.
It is a scroll of enchant armour.
Your +0 scale mail glows green for a moment.
You block the adder's attack. You block the hobgoblin's attack.
The adder bites you but does no damage.
You closely miss the hobgoblin. Your headbutt misses the hobgoblin.
You barely miss the adder. You block Sigmund's attack.
The hobgoblin hits you but does no damage.
The adder bites you but does no damage.
You closely miss the hobgoblin. You headbutt the hobgoblin.
The hobgoblin explodes!
The fiery explosion engulfs you!
Ouch! That really hurt!
You die...

....... #............
........# #............
........# #............
........####............
.........@..............
........#####@..........
.......?# #...........
.....§§§# #...........
.....§.@# #......[....
.....§S§#####...÷.......
$.......@...@...........
.....########...........
..... #........... ....
#########... ... ##..
... .. ..


You could see Sigmund (inner flame) and an adder (inner flame).

Vanquished Creatures
  2 adders (D:2)
  A bat (D:1)
  2 giant cockroaches (D:1)
  2 hobgoblins
  4 kobolds (D:1)
  A quokka (D:2)
  2 frilled lizards (D:1)
  5 goblins (D:1)
  3 rats
22 creatures vanquished.

Notes
Turn   | Place    | Note
-------+----------+-------------------------------------------
     0 | D:1      | Merlin the Minotaur Fighter began the quest for the Orb.
     0 | D:1      | Reached XP level 1. HP: 19/19 MP: 0/0
   127 | D:1      | Reached XP level 2. HP: 27/27 MP: 1/1
   448 | D:2      | Reached XP level 3. HP: 33/33 MP: 2/2
   498 | D:2      | Noticed Sigmund
   520 | D:2      | Killed from afar by a hobgoblin

Vault maps used:
D:1:      dpeg_arrival_tiny_d
D:2:      first_ration, uniq_jessica, uniq_sigmund, uniq_crazy_yiuf_cottage

Skill      XL: |  1  2  3 |
---------------+----------+-----
Armour         | 4 |  4.2
Fighting       | 4 |  4.1
Axes           | 3 |  3.2
Shields        | 4 |  4.0

Action                   || total
-------------------------++-------
Melee: War axe           ||    53
       Headbutt          ||     6
  Use: Scroll            ||     3
Armor: Scale mail        ||    27
Dodge: Dodged            ||    10
Block: Shield            ||    35

Table legend:
 A = Non-vault XP
 B = Vault XP
 C = Vault XP percentage of total XP
 D = Non-vault monster count
 E = Vault monster count
 F = Vault count percentage of total count
                 A         B        C        D         E       F
            +---------+---------+-------+---------+---------+-------
      Total |      58 |       0 |   0.0 |      22 |       0 |   0.0
            +---------+---------+-------+---------+---------+-------
        D:1 |      26 |       0 |   0.0 |      17 |       0 |   0.0
        D:2 |      32 |       0 |   0.0 |       5 |       0 |   0.0
            +---------+---------+-------+---------+---------+-------
